 Dungeon Crawl Stone Soup version 0.27-a0-1158-gaa87e14f67 (webtiles) character file.

Game seed: 6271368460616136744

6 tilp the Caller (level 1, 0/14 HPs)
             Began as a Barachi Summoner on May 15, 2021.
             Slain by a ball python (2 damage)
             ... on level 1 of the Dungeon.
             The game lasted 00:00:51 (268 turns).

tilp the Caller (Barachi Summoner)                   Turns: 268, Time: 00:00:52

Health: 0/14       AC:  2    Str:  9    XL:     1   Next: 90%
Magic:  0/3        EV: 12    Int: 15    God:
Gold:   25         SH:  0    Dex: 12    Spells: 3/4 levels left

rFire    . . .     SeeInvis .   a - +0 short sword
rCold    . . .     Faith    .   (no shield)
rNeg     . . .     Spirit   .   d - +0 robe
rPois    .         Reflect  .   (no helmet)
rElec    .         Harm     .   (no cloak)
rCorr    .         Rampage  .   (no gloves)
Will     .....                  (no boots)
Stlth    ++........             (no amulet)
HPRegen  0.04/turn              (no ring)
MPRegen  0.08/turn              (no ring)

@: unable to hop, slow
A: amphibious, slowness 1, strong legs 1, +LOS
a: Hop


You were on level 1 of the Dungeon.
You visited 1 branch of the dungeon, and saw 1 of its levels.

You collected 25 gold pieces.

Inventory:

Hand Weapons
 a - a +0 short sword (weapon)
Missiles
 c - 10 stones
Armour
 d - a +0 robe (worn)
Potions
 b - a potion of attraction {unknown}


   Skills:
 + Level 0.6 Fighting
 + Level 2.3 Dodging
 * Level 2.1 Stealth
 - Level 2.1 Spellcasting
 - Level 4.8 Summonings


You had 3 spell levels left.
You knew the following spells:

 Your Spells              Type           Power      Damage    Failure   Level
a - Summon Small Mammal   Summ           64%        N/A       3%          1

Your spell library contained the following spells:

 Spells                   Type           Power      Damage    Failure   Level
 Call Imp                 Summ           16%        N/A       4%          2
 Call Canine Familiar     Summ           16%        N/A       9%          3
 Summon Guardian Golem    Hex/Summ       8%         N/A       24%         3
 Summon Ice Beast         Ice/Summ       8%         N/A       63%         4
 Summon Lightning Spire   Summ/Air       8%         N/A       63%         4


Dungeon Overview and Level Annotations

Branches:
Dungeon (1/15)

Altars:


Innate Abilities, Weirdness & Mutations

You are amphibious.
You cover ground slowly.
You can hop short distances.
You have an extended range of vision and can be seen from far away.


Message History

Your quokka completely misses the ball python.
The ball python bites your bat but does no damage.
Your bat hits the quokka but does no damage.
The quokka bites your bat. The ball python misses you.
The ball python grabs you. The ball python constricts you.
The ball python bites your bat.
Your bat dies!
Your bat's corpse disappears in a puff of smoke!
You hit the ball python but do no damage.
Your quokka bites the ball python.
The quokka bites your quokka. The ball python loses its grip on you.
Your quokka bites the ball python.
The ball python dies!
Unknown command.
You swap places.
The quokka bites you but does no damage.
The ball python misses your quokka.
The ball python barely misses your quokka.
Your quokka bites the ball python.
Your quokka closely misses the ball python.
The quokka bites you.
* * * LOW HITPOINT WARNING * * *
The endoplasm hits you but does no damage.
The ball python bites your quokka.
Your quokka dies!
Your quokka's corpse disappears in a puff of smoke!
The ball python misses you. The ball python grabs you.
* * * LOW HITPOINT WARNING * * *
The ball python constricts you.
You escape the ball python's grasp.
You swap places.
Your quokka barely misses the quokka.
The quokka closely misses your quokka.
The endoplasm closely misses your quokka.
Your quokka closely misses the quokka.
Things that are here:
a +0 whip; a kobold corpse Unknown command.
You barely miss the ball python.
The ball python is severely wounded.
The ball python barely misses you. x2; The quokka barely misses your quokka.
The ball python bites you.
You die...

#...†.............
#..†##############
# #....♣ ........
#. #....♣ ..8.....
#.# ##...♣
÷÷......
#..###..♣♣
÷....... .
#..#...♣ ..8.....
.. #..§§.♣
........ #.
##.@S.♣ ..8.....
#.. #.rS.♣♣
÷.......
..####.rJ..♣
÷.......
...#.....♣
..8..... #.#.....♣
........
#§.?...#####
########
#†.......... #
##.)........ #
#..........


You could see an endoplasm, a quokka (ally target), 2 ball pythons and a
friendly quokka (summoned).

Vanquished Creatures (collateral kills)
  3 ball pythons (D:1)
  2 bats (D:1)
  3 kobolds (D:1)
  A rat (D:1)
9 creatures vanquished.

Notes
Turn   | Place    | Note
-------+----------+-------------------------------------------
     0 | D:1      | tilp the Barachi Summoner began the quest for the Orb.
     0 | D:1      | Reached XP level 1. HP: 13/13 MP: 3/3
   268 | D:1      | Slain by a ball python

Illustrated notes

Levels and vault maps discovered:
D:1:      giann_forest_graveyard, layout_rooms, minmay_tetromino_l4

Skill      XL: |  1 |
---------------+----+-----
Stealth        | 2 |  2.1
Fighting       | |  0.6
Dodging        | |  2.3
Spellcasting   | |  2.1
Summonings     | |  4.8

Action                   || total
-------------------------++-------
Melee: Short sword       ||     4
       Unarmed           ||     2
 Cast: Summon Small Mamm ||    16
 Abil: Hop               ||     1
Armor: Robe              ||    10
Dodge: Dodged            ||    16

Table legend: (Time is in decaauts)
 A = Elapsed time spent in this place.
 B = Non-inter-level travel time spent in this place.
 C = Inter-level travel time spent in this place.
 D = Time resting spent in this place.
 E = Time spent auto-exploring this place.
 F = Levels seen in this place.
 G = Mean time per level.
                   A        B        C        D        E       F      G
               +--------+--------+--------+--------+--------+-----+--------+
         Total |    290 |    290 |      0 |      0 |    228 |   1 |  290.0 |
       Dungeon |    290 |    290 |      0 |      0 |    228 |   1 |  290.0 |
               +--------+--------+--------+--------+--------+-----+--------+

Top non-repeatable levels by time:
     D:1: 290 daAuts
